 Dungeon Crawl Stone Soup version 0.24.0-125-gc4c63601f3 (webtiles) character file.

Game seed: 12556126811037984516, levelgen mode: deterministic

248 Frank2 the Cudgeler (level 5, 0/41 HPs)
             Began as a Demonspawn Gladiator on Mar 9, 2020.
             Slain by an orc wizard
             ... wielding a cursed -2 dagger
              (1 damage)
             ... on level 3 of the Dungeon.
             The game lasted 00:04:52 (2442 turns).

Frank2 the Cudgeler (Demonspawn Gladiator)          Turns: 2442, Time: 00:04:53

Health: 0/41       AC:  6    Str: 14    XL:     5   Next: 86%
Magic:  5/5        EV: 12    Int: 10    God:
Gold:   104        SH:  0    Dex: 15    Spells: 4/4 levels left

rFire    + . .     SeeInvis .   a - +1 flail
rCold    + . .     Gourm    .   (no shield)
rNeg     . . .     Faith    .   j - +0 ring mail
rPois    .         Spirit   .   c - +0 helmet
rElec    .         Reflect  .   g - scarf {rC+ rF+}
rCorr    +         Harm     .   (no gloves)
MR       .....                  (no boots)
Stlth    +.........             (no amulet)
HPRegen  0.13/turn              n - ring of resist corrosion
MPRegen  0.09/turn              (no ring)

@: no status effects
A: claws 1, powered by pain 1
a: no special abilities


You were on level 3 of the Dungeon.
You were hungry.

You visited 1 branch of the dungeon, and saw 3 of its levels.

You collected 104 gold pieces.

Inventory:

Hand Weapons
 a - a +1 flail (weapon)
Missiles
 d - 3 throwing nets (quivered)
Armour
 c - a +0 helmet (worn)
 g - a scarf of resistance (worn)
 j - a +0 ring mail (worn)
Jewellery
 n - a ring of resist corrosion (left claw)
Wands
 i - a wand of random effects (18)
Scrolls
 h - a scroll of remove curse
Potions
 e - a potion of brilliance
 m - a potion of might {unknown}
 p - a potion of mutation {unknown}
Comestibles
 f - 7 rations
 k - 2 chunks of flesh


   Skills:
 + Level 3.0 Fighting
 + Level 4.5 Maces & Flails
 - Level 1.7 Throwing
 + Level 1.9 Armour
 + Level 3.6 Dodging


You had 4 spell levels left.
You didn't know any spells.
Your spell library was empty.

Dungeon Overview and Level Annotations

Branches:
Dungeon (3/15)

Altars:
Ru


Innate Abilities, Weirdness & Mutations

You have sharp fingernails.
You sometimes gain a little power by taking damage.


Message History

You hear some strange, mumbled words.
A puff of frost appears from out of thin air!
The puff of frost hits you but does no damage.
You resist.
Unknown command.
You hit the orc.
You kill the orc!
Something hits you.
* * * LOW HITPOINT WARNING * * *
You hear some strange, mumbled words.
A magic dart appears from out of thin air!
The magic dart hits you.
* * * LOW HITPOINT WARNING * * *
You hit the orc but do no damage.
You hear some strange, mumbled words.
A magic dart appears from out of thin air!
The magic dart hits you.
* * * LOW HITPOINT WARNING * * *
The orc hits you but does no damage. Something hits you.
You die...

#..................#.#
#................###.#
#.......###......# #.#
#.......# #......# #+###
#.......# #.[....# ...
###########.)....# ....
.............).†.# .....
#####.....#..)..)#......
#.....+.....@o......
#.....##....##......
#.....##....# ......
#.....##....# #####
###.######### #.# ###.#
#...# #.#.#


You could see an orc.

Vanquished Creatures
  A vampire bat (D:3)
  An orc wizard (D:3)
  An adder (D:2)
  A worm (D:2)
  2 dart slugs (D:1)
  3 fire bats (D:3)
  7 orcs (D:3)
  2 spectral bats (D:3)
  4 ball pythons
  3 bat skeletons (D:3)
  A bat zombie (D:3)
  A giant cockroach (D:2)
  8 goblins
  13 hobgoblins
  8 jackals
  A quokka (D:3)
  14 bats
  A bat simulacrum (D:3)
  10 kobolds
  7 rats
89 creatures vanquished.

Notes
Turn   | Place    | Note
-------+----------+-------------------------------------------
     0 | D:1      | Frank2 the Demonspawn Gladiator began the quest for the
                  | Orb.
     0 | D:1      | Reached XP level 1. HP: 16/16 MP: 1/1
   189 | D:1      | Gained mutation: You have sharp fingernails. [demonic
                  | ancestry]
   189 | D:1      | Reached XP level 2. HP: 20/22 MP: 2/2
   195 | D:1      | Reached skill level 3 in Maces & Flails
   373 | D:1      | Gained mutation: You sometimes gain a little power by
                  | taking damage. [demonic ancestry]
   373 | D:1      | Reached XP level 3. HP: 14/27 MP: 3/3
  1379 | D:2      | Reached XP level 4. HP: 31/34 MP: 4/4
  1485 | D:2      | Found a sacrificial altar of Ru.
  1864 | D:3      | Reached skill level 1 in Armour
  1924 | D:3      | Reached skill level 4 in Maces & Flails
  1924 | D:3      | Reached XP level 5. HP: 19/39 MP: 5/5
  2276 | D:3      | HP: 2/40 [poisoned by an orc]
  2283 | D:3      | HP: 3/60 [poisoned by an orc]
  2291 | D:3      | HP: 2/60 [poisoned by an orc]
  2442 | D:3      | HP: 1/41 [something/magic dart (5)]
  2442 | D:3      | Slain by an orc wizard

Levels and vault maps discovered:
D:1:      minmay_arrival_four_loops, layout_loops_corners, serial_bayou_pond_b,
          minmay_misc_feat_five
D:2:      minmay_angry_zag, layout_rooms, nicolae_overflow_hidden_temple,
          first_ration, minmay_misc_feat_encased
D:3:      layout_basic, chequers_ecumenical_altar_grove, hex_large,
          chequers_decorated_corner, goddamned_bats, uniq_sigmund

Skill      XL: |  1  2  3  4  5 |
---------------+----------------+-----
Maces & Flails | 3 4 |  4.5
Dodging        | 3 |  3.6
Armour         | 1 |  1.9
Fighting       | 3 |  3.0
Throwing       | |  1.7

Action                   |  1- 3 |  4- 6 || total
-------------------------+-------+-------++-------
Melee: Flail             |   162 |   145 ||   307
  Use: Scroll            |     4 |     3 ||     7
       Potion            |       |     3 ||     3
 Stab: Sleeping          |     1 |       ||     1
  Eat: Chunk             |     2 |     3 ||     5
Armor: Leather armour    |    58 |    85 ||   143
       Ring mail         |       |     3 ||     3
       Skin              |       |     1 ||     1
Dodge: Dodged            |   128 |   241 ||   369
